 Dungeon Crawl Stone Soup version 0.19.1 (webtiles) character file.

92 Gargoyl the Skirmisher (level 4, 32/37 HPs)
             Began as a Demonspawn Abyssal Knight on Nov 24, 2016.
             Was a Follower of Lugonu.
             Quit the game on level 3 of the Dungeon.
             The game lasted 00:02:54 (1698 turns).

Gargoyl the Skirmisher (Demonspawn Abyssal Knight)  Turns: 1698, Time: 00:02:55

Health: 32/37      AC: 12    Str: 13    XL:     4   Next: 35%
Magic:  6/6        EV:  3    Int: 14    God:    Lugonu [*.....]
Gold:   141        SH:  0    Dex: 12    Spells: 0 memorised, 3 levels left

rFire  . . .     SeeInvis .     a - +1 hand axe
rCold  . . .     Gourm    .     e - +0 plate armour
rNeg   . . .     Faith    .     (no shield)
rPois  .         Spirit   .     (no helmet)
rElec  .         Reflect  .     m - +0 cloak
rCorr  .         Harm     .     (no gloves)
MR     .....                    (no boots)
Stlth  ..........               (no amulet)
                                (no ring)
                                (no ring)

@: no status effects
A: talons 1, nightstalker 2
a: Depart the Abyss, Renounce Religion


You were on level 3 of the Dungeon.
You worshipped Lugonu.
Lugonu was aware of your devotion.
You were not hungry.

You visited 1 branch of the dungeon, and saw 3 of its levels.
You visited the Abyss 1 time.

You collected 141 gold pieces.

Inventory:

Hand Weapons
 a - a +1 hand axe (weapon)
Armour
 e - a +0 plate armour (worn)
 m - a +0 cloak (worn)
Scrolls
 b - a scroll of noise {unknown}
 h - a scroll of amnesia {unknown}
 i - 3 scrolls of identify
 l - a scroll of teleportation {unknown}
Potions
 d - a potion of mutation {unknown}
 g - 3 potions of curing {unknown}
 k - 2 potions of invisibility {unknown}
 n - a potion of lignification {unknown}
 o - 2 potions of heal wounds {unknown}
 p - a potion of agility {unknown}
Comestibles
 c - 2 bread rations
 f - 2 meat rations
 j - a beef jerky


   Skills:
 + Level 3.7 Fighting
 + Level 2.4 Axes
 * Level 2.8 Armour
 + Level 1.0 Dodging
 * Level 3.3 Invocations


You had 3 spell levels left.
You didn't know any spells.

Dungeon Overview and Level Annotations

Branches:
Dungeon (3/15)

Altars:
Sif Muna
Yredelemnul


Innate Abilities, Weirdness & Mutations

You have sharp toenails.
You are significantly more attuned to the shadows.


Message History

The orc wizard hits you but does no damage.
You hit the orc wizard but do no damage.
The orc wizard is severely wounded.
The orc wizard hits you but does no damage.
You hit the orc wizard.
You kill the orc wizard!
Lugonu accepts your kill.
You have reached level 4!
You feel clever.
Your demonic ancestry asserts itself...
You slip further into the darkness.
You hit the orc but do no damage. You claw the orc, but do no damage.
The orc is heavily wounded.
The orc hits you but does no damage.
You hit the orc.
You kill the orc!
Lugonu accepts your kill.
Items here: )) [[ † a hand axe; a chain mail; a dagger of protection; a robe; an orc corpse You see here a club.
Are you sure you want to abandon this character and quit the game? (Confirm with "yes".)

#........#
#........#
#.#.#.####
#...#.#
...##.#
#.. #.#
#[# #)#
#@#
.........#
.........#
.#.......#
#.......#
........#


There were no monsters in sight!

Vanquished Creatures
  An orc wizard (D:3)
  An adder (D:2)
  An ooze (D:1)
  A worm (D:2)
  A leopard gecko (D:1)
  2 orcs (D:3)
  4 giant cockroaches
  6 goblins
  4 hobgoblins
  A quokka (D:2)
  2 ball pythons
  7 bats
  A frilled lizard (D:1)
  9 kobolds
  3 rats
44 creatures vanquished.

Notes
Turn   | Place    | Note
-------+----------+-------------------------------------------
     0 | Abyss:1  | Gargoyl the Demonspawn Abyssal Knight began the quest for the Orb.
     0 | Abyss:1  | Reached XP level 1. HP: 18/18 MP: 2/2
    86 | Abyss:1  | Noticed a ynoxinul
    98 | Abyss:1  | Noticed an ancient zyme
   106 | D:1      | Escaped the Abyss
   264 | D:1      | Gained mutation: You have sharp toenails. [demonic ancestry]
   264 | D:1      | Reached XP level 2. HP: 19/24 MP: 3/3
   326 | D:1      | Reached * piety under Lugonu
   670 | D:1      | Gained mutation: You are slightly more attuned to the shadows. [demonic ancestry]
   670 | D:1      | Reached XP level 3. HP: 29/29 MP: 5/5
   761 | D:2      | Found a basalt altar of Yredelemnul.
   808 | D:2      | Found a deep blue altar of Sif Muna.
  1450 | D:2      | Reached skill level 1 in Dodging
  1693 | D:3      | Gained mutation: You are significantly more attuned to the shadows. [demonic ancestry]
  1693 | D:3      | Reached XP level 4. HP: 31/37 MP: 6/6
  1698 | D:3      | Quit the game

Skill      XL: |  1  2  3 |
---------------+----------+-----
Armour         | 2 |  2.8
Axes           | 2 |  2.4
Invocations    | 3 |  3.3
Dodging        | 1 |  1.0
Fighting       | |  3.7

Action                   |  1- 3 |  4- 6 || total
-------------------------+-------+-------++-------
Melee: Hand axe          |   139 |     2 ||   141
       Kick              |    21 |     1 ||    22
Invok: Depart the Abyss  |     1 |       ||     1
  Use: Scroll            |     2 |       ||     2
  Eat: Chunk             |     3 |       ||     3
Armor: Plate armour      |   182 |     1 ||   183
Dodge: Dodged            |    44 |       ||    44
